 Dungeon Crawl Stone Soup version 0.25-a0-578-gc91f01c39c (webtiles) character file.

Game seed: 6984693261589671801, levelgen mode: deterministic

5387 Amnesiac the Fighter (level 10, -2/109 HPs)
             Began as an Ogre Fighter on Mar 7, 2020.
             Was an Elder of Okawaru.
             Slain by a yak (6 damage)
             ... on level 3 of the Lair of Beasts.
             The game lasted 00:17:22 (11210 turns).

Amnesiac the Fighter (Ogre Fighter)                Turns: 11210, Time: 00:17:22

Health: -2/109     AC:  4    Str: 25    XL:     10   Next: 66%
Magic:  13/14      EV: 12    Int:  9    God:    Okawaru [****..]
Gold:   182        SH: 13    Dex:  8    Spells: 9/9 levels left

rFire    . . .     SeeInvis .   a - +2 long sword (venom)
rCold    + . .     Gourm    .   c - +1 kite shield
rNeg     . . .     Faith    .   K - +1 robe {MR+}
rPois    +         Spirit   .   (helmet restricted)
rElec    .         Reflect  .   (no cloak)
rCorr    .         Harm     .   (gloves unavailable)
MR       ++...                  (boots unavailable)
Stlth    ++........             P - amulet of the acrobat
HPRegen  0.28/turn              i - ring of poison resistance
MPRegen  0.14/turn              N - ring of protection from cold

@: heroism, very slightly contaminated, invisible
A: large, unfitting armour, tough skin 1
a: Heroism, Renounce Religion


You were on level 3 of the Lair of Beasts.
You worshipped Okawaru.
Okawaru was greatly pleased with you.
You were hungry.

You visited 3 branches of the dungeon, and saw 13 of its levels.
You also visited: Sewer.

You collected 443 gold pieces.
You spent 261 gold pieces at shops.

Inventory:

Hand Weapons
 a - a +2 long sword of venom (weapon)
 b - a +3 hunting sling of flaming
 L - a +3 dagger of venom
 O - a +0 hand axe of electrocution
Missiles
 g - 7 silver javelins
 k - 265 stones
 q - 17 sling bullets
 w - 9 boomerangs
 I - 3 datura-tipped darts
 J - 34 poisoned darts (quivered)
Armour
 c - a +1 kite shield (worn)
 K - a +1 robe of magic resistance (worn)
Jewellery
 i - a ring of poison resistance (left hand)
 l - an uncursed ring of protection from fire
 B - an uncursed ring of fire
 M - an uncursed amulet of rage
 N - a ring of protection from cold (right hand)
 P - an amulet of the acrobat (around neck)
Wands
 p - a wand of flame (17)
 r - a wand of enslavement (4)
 t - a wand of disintegration (8)
 H - a wand of polymorph (4)
Scrolls
 e - 5 scrolls of remove curse {!r}
 j - 6 scrolls of teleportation {!r}
 n - 3 scrolls of enchant weapon {!r}
 o - 2 scrolls of enchant armour {!r}
 y - 2 scrolls of magic mapping {!r}
 E - 2 scrolls of fog {!r, unknown}
 Q - 3 scrolls of identify {!r}
 R - a scroll of holy word {!r}
Potions
 d - 3 potions of might {!q}
 m - 2 potions of degeneration {!q}
 s - 2 potions of flight {!q}
 u - a potion of haste {!q}
 v - 2 potions of curing {!q}
 x - a potion of resistance {!q}
 z - 2 potions of berserk rage {!q}
 A - 3 potions of brilliance {!q, unknown}
 C - a potion of stabbing {!q}
 D - 2 potions of mutation {!q}
 F - a potion of lignification {!q}
 G - 3 potions of cancellation {!q, unknown}
Comestibles
 f - 11 rations


   Skills:
 + Level 9.7(14.7) Fighting
 - Level 2.0(7.0) Long Blades
 * Level 9.7(14.7) Throwing
 - Level 2.6(7.6) Dodging
 + Level 6.8(11.8) Shields
 + Level 5.6 Invocations
 - Level 4.0 Evocations


You had 9 spell levels left.
You didn't know any spells.
Your spell library was empty.

Dungeon Overview and Level Annotations

Branches:
Dungeon (9/15)             Temple (1/1) D:7            Lair (3/6) D:8
  Sewer (visited)
  Swamp: Lair:2-4    Shoals: Lair:2-4     Snake: Lair:2-4    Spider: Lair:2-4
    Orc: D:9-12

Altars:
Ashenzari
Cheibriados
Dithmenos
Elyvilon
Fedhas
Gozag
Hepliaklqana
Kikubaaqudgha
Makhleb
Nemelex Xobeh
Okawaru
Qazlal
Ru
Sif Muna
Trog
Uskayaw
Vehumet
Xom
Yredelemnul
Zin
The Shining One

Shops:
D:4 *   D:7 *}(   D:8 :[!

Annotations:
D:3 2 runed translucent doors, Rasan's ghost, amateur MfFi
D:4 3 runed translucent doors, Flugslaktarn's ghost, amateur DDFi; Flugslaktarn's ghost, weakling MiFi; surprisetrex's ghost, novice DrFE


Innate Abilities, Weirdness & Mutations

You are too large for most types of armour.
You have tough skin. (AC +1)


Message History

The hippogriff barely misses you.
You completely miss the hippogriff.
The hippogriff is moderately wounded.
The yak closely misses you.
The hippogriff bites you but does no damage.
You block the hippogriff's attack. The hippogriff barely misses you.
You block the yak's attack.
You hit the hippogriff but do no damage.
The hippogriff looks as sick as possible!
The hippogriff is moderately wounded.
You block the hippogriff's attack. The hippogriff barely misses you.
You block the hippogriff's attack. The yak gores you but does no damage.
You hit the hippogriff but do no damage.
The hippogriff looks as sick as possible!
The hippogriff is moderately wounded.
The hippogriff bites you. The hippogriff pecks you.
The hippogriff claws you but does no damage.
The yak gores you! You block the hippogriff's attack. The hippogriff pecks you.
You block the hippogriff's attack.
You gain the combat prowess of a mighty hero.
The yak gores you!
* * * LOW HITPOINT WARNING * * *
You block the hippogriff's attack. The hippogriff pecks you!
* * * LOW HITPOINT WARNING * * *
The hippogriff claws you.
* * * LOW HITPOINT WARNING * * *
You slash the yak!
The yak looks as sick as possible!
The yak is severely wounded.
The yak closely misses you. The hippogriff barely misses you. x2
The hippogriff claws you.
* * * LOW HITPOINT WARNING * * *
You hit the yak but do no damage.
The yak is severely wounded.
You block the yak's attack. The hippogriff bites you.
* * * LOW HITPOINT WARNING * * *
The hippogriff misses you. You block the hippogriff's attack.
You completely miss the hippogriff.
The hippogriff is severely wounded.
The hippogriff bites you.
* * * LOW HITPOINT WARNING * * *
You block the hippogriff's attack. x2
You hit the hippogriff but do no damage.
The hippogriff looks as sick as possible!
The hippogriff is severely wounded.
You block the yak's attack. You block the hippogriff's attack.
The hippogriff closely misses you. The hippogriff claws you.
* * * LOW HITPOINT WARNING * * *
You barely miss the hippogriff.
The hippogriff is almost dead.
The yak gores you!
* * * LOW HITPOINT WARNING * * *
The hippogriff bites you.
* * * LOW HITPOINT WARNING * * *
You block the hippogriff's attack. x2
Really quaff
h - a potion of invisibility {!q}?
You fade into invisibility!
You kill the hippogriff!
Okawaru accepts your kill.
You are very lightly contaminated with residual magic.
Really quaff
v - 3 sapphire potions {!q}?
It was a potion of curing {!q}.
You feel better. The yak gores you.
* * * LOW HITPOINT WARNING * * *
The yak gores you.
You die...

## ### ####..#
#@###.#.#...
#YYY...#...#
##<##.......
#....P..#
...#.##..#.P.##.#
#........P.....
##...†#...#..#.
####.........
#.#.##.#...


You could see 3 yaks.

Vanquished Creatures
  4 blink frogs (Lair:1)
  2 hippogriffs
  4 yaks (D:8)
  3 water moccasins
  2 porcupines (D:8)
  2 ice beasts
  A sky beast (D:7)
  An orc warrior (D:7)
  Purgy (Sewer)
  A wolf (D:8)
  A centaur (D:7)
  4 crocodiles (D:8)
  A big kobold (D:8)
  3 bullfrogs
  A water moccasin zombie (D:8)
  8 killer bees (D:8)
  3 scorpions (D:8)
  3 wights (D:8)
  A crimson imp (D:5)
  A bullfrog zombie (D:5)
  2 hounds
  A jelly (D:8)
  6 orc priests
  A bullfrog skeleton (D:6)
  2 iguanas
  8 orc wizards
  4 worker ants
  A hound zombie (D:7)
  2 hound skeletons
  A worker ant zombie (D:6)
  3 gnolls
  6 adders
  3 shadow imps
  2 oozes (D:1)
  An adder skeleton (D:5)
  A worm (D:3)
  2 dart slugs (D:2)
  8 leopard geckos
  45 orcs
  A ball python (D:1)
  12 bats
  8 giant cockroaches
  8 goblins
  10 hobgoblins
  9 jackals
  4 quokkas
  5 frilled lizards
  A jackal skeleton (D:4)
  19 kobolds
  9 rats
232 creatures vanquished.

Vanquished Creatures (collateral kills)
  A porcupine (D:8)
  A killer bee (D:8)
2 creatures vanquished.

Vanquished Creatures (others)
  3 bushes (D:8)
  5 fungi
  16 plants
24 creatures vanquished.

Grand Total: 258 creatures vanquished

Notes
Turn   | Place    | Note
-------+----------+-------------------------------------------
     0 | D:1      | Amnesiac the Ogre Fighter began the quest for the Orb.
     0 | D:1      | Reached XP level 1. HP: 24/24 MP: 1/1
   147 | D:1      | Reached XP level 2. HP: 27/32 MP: 2/2
   164 | D:1      | Reached skill level 1 in Throwing
   485 | D:1      | Reached XP level 3. HP: 40/40 MP: 3/3
   942 | D:2      | Reached XP level 4. HP: 47/49 MP: 4/4
  1943 | D:3      | Reached XP level 5. HP: 55/55 MP: 5/5
  2135 | D:3      | Found a burning altar of Makhleb.
  2288 | D:3      | Found a large runed translucent door.
  2288 | D:3      | Found a large runed translucent door.
  2289 | D:3      | Noticed Rasan's ghost (amateur MfFi)
  2524 | D:3      | Reached skill level 5 in Fighting
  2905 | D:4      | Reached skill level 1 in Evocations
  3000 | D:4      | Found Lowituz's Assorted Antiques.
  3005 | D:4      | Bought a scroll labeled VIEDOR SUO for 30 gold pieces
  3005 | D:4      | Bought a bubbling blue potion for 27 gold pieces
  3005 | D:4      | Bought a scroll labeled ZOGIYGHINNE for 30 gold pieces
  3005 | D:4      | Bought a scroll labeled TUITWO XOERYIM for 30 gold pieces
  3005 | D:4      | Bought a scroll labeled QAMIOR KISAETAPIV for 30 gold
                  | pieces
  3241 | D:4      | Found a runed translucent gate.
  3241 | D:4      | Found a runed translucent gate.
  3241 | D:4      | Found a runed translucent gate.
  3261 | D:4      | Noticed Flugslaktarn's ghost (amateur DDFi)
  3261 | D:4      | Noticed Flugslaktarn's ghost (weakling MiFi)
  3261 | D:4      | Noticed surprisetrex's ghost (novice DrFE)
  3364 | D:4      | Reached XP level 6. HP: 66/66 MP: 5/7
  3662 | D:4      | Found a stormy altar of Qazlal.
  3785 | D:5      | Entered Level 5 of the Dungeon
  3786 | D:5      | Found a glowing golden altar of the Shining One.
  3851 | D:5      | Found a glowing drain.
  3866 | Sewer    | Entered a sewer
  3883 | Sewer    | Noticed Purgy
  3896 | Sewer    | Killed Purgy
  3896 | Sewer    | Reached XP level 7. HP: 46/74 MP: 8/8
  4153 | D:5      | Found a shimmering altar of Xom.
  4179 | D:5      | Found a shimmering altar of Xom.
  4179 | D:5      | Found a shimmering altar of Xom.
  4188 | D:5      | Found a shimmering altar of Xom.
  4188 | D:5      | Found a shimmering altar of Xom.
  4188 | D:5      | Found a shimmering altar of Xom.
  4188 | D:5      | Found a shimmering altar of Xom.
  4189 | D:5      | Found a shimmering altar of Xom.
  4190 | D:5      | Found a shimmering altar of Xom.
  4354 | D:5      | HP: 1/74 [ice beast (13)]
  4770 | D:4      | Bought 2 scrolls labeled CYKKAKL HYRGH for 60 gold pieces
  5120 | D:6      | Reached skill level 5 in Throwing
  5858 | D:7      | Reached XP level 8. HP: 41/84 MP: 8/10
  5954 | D:7      | Found Ygror's General Store.
  5957 | D:7      | Found Cis Enoudd's Gadget Shop.
  5960 | D:7      | Bought a scroll of magic mapping for 38 gold pieces
  6130 | D:7      | Found a shattered altar of Ashenzari.
  6165 | D:7      | Found Oceeqe Pofe's Weapon Shoppe.
  6173 | D:7      | Bought 3 datura-tipped darts for 16 gold pieces
  6310 | D:7      | Found a staircase to the Ecumenical Temple.
  6353 | D:8      | Identified a paperback manual
  6353 | Temple   | Entered the Ecumenical Temple
  6554 | Temple   | Became a worshipper of Warmaster Okawaru
  6965 | D:7      | Reached skill level 1 in Invocations
  7318 | D:8      | Found Siutyff's Book Shoppe.
  7331 | D:8      | Found Pum Nely's Antique Armour Boutique.
  7372 | D:8      | Reached skill level 5 in Shields
  7400 | D:8      | Reached * piety under Okawaru
  7457 | D:8      | Found Baeg's Distillery.
  7478 | D:8      | Noticed a yak
  7493 | D:8      | Reached XP level 9. HP: 56/93 MP: 11/11
  8173 | D:8      | Reached ** piety under Okawaru
  8923 | D:8      | Reached *** piety under Okawaru
  8923 | D:8      | Reached XP level 10. HP: 6/106 MP: 13/13
  9179 | D:8      | Found a staircase to the Lair.
  9292 | D:8      | Found an opulent altar of Gozag.
  9295 | D:8      | Found a sacrificial altar of Ru.
  9298 | D:8      | Found a hide-covered altar of Uskayaw.
  9611 | D:9      | Found a shadowy altar of Dithmenos.
  9728 | Lair:1   | Entered Level 1 of the Lair of Beasts
  9969 | Lair:1   | Reached skill level 5 in Invocations
 10381 | Lair:1   | Reached **** piety under Okawaru
 10381 | Lair:1   | Received a gift from Okawaru
 11147 | Lair:2   | Noticed a black mamba
 11208 | Lair:3   | HP: 3/109 [hippogriff (6)]
 11210 | Lair:3   | Slain by a yak

Levels and vault maps discovered:
D:1:      dpeg_arrival_tiny_c, layout_rooms
D:2:      minmay_diamond_boxcup, layout_loops_corners, first_ration,
          kennysheep_cluttered_room, chequers_serial_rivers_small_b,
          nrook_mini_backslash, minmay_misc_feat_hallway, minmay_misc_feat_iff,
          minmay_indecisive_spiral
D:3:      layout_basic, bloody_makhleb, ebering_ghost_disaster_area
D:4:      layout_rooms, nicolae_qazlal_general_emergency,
          gammafunk_ghost_cemetery, serial_shops, kennysheep_little_box
D:5:      layout_loops_ring, xom_redecorated, portal_sewer_entry_d,
          serial_glass, glass_columns_b, glass_columns_a, basic_altar
D:6:      layout_basic
D:7:      layout_gridville, minmay_temple_entry_arrows, serial_shops,
          nicolae_shop_waterfront, shop, nicolae_shop_statue_plus, basic_altar
D:8:      layout_loops_ring, grunt_temple_overflow_diamond,
          minmay_lair_entry_grove, serial_shops, shop, shop, shop_fountains
D:9:      layout_gridville, lemuel_round_altar, serial_shops, shop_scrolls,
          basic_altar, grunt_livestock, minmay_variable_closet, uniq_harold,
          uniq_grum, uniq_gastronok
Temple:   regret_index_temple_generic_petals
Lair:1:   layout_regular_city
Lair:2:   layout_small_grid
Lair:3:   layout_roguey, minmay_shoals_entry_lonely_mermaid,
          spider_nest_entry_web_field

Skill      XL: |  1  2  3  4  5  6  7  8  9 10 |
---------------+-------------------------------+-----
Long Blades    | 2 |  2.0
Throwing       | 1 2 3 4 5 6 8 9 |  9.7
Shields        | 3 4 5 6 |  6.8
Fighting       | 5 6 7 8 9 |  9.7
Evocations     | 1 2 3 4 |  4.0
Invocations    | 2 4 5 |  5.6
Dodging        | |  2.6

Action                   |  1- 3 |  4- 6 |  7- 9 | 10-12 || total
-------------------------+-------+-------+-------+-------++-------
Melee: Long sword        |    91 |    48 |   137 |   113 ||   389
       Dagger            |       |   170 |   216 |       ||   386
 Fire: Hunting sling     |       |     4 |       |    16 ||    20
Throw: Stone             |     8 |       |       |       ||     8
       Boomerang         |       |    24 |    31 |       ||    55
       Dart              |       |       |       |    22 ||    22
Invok: Heroism           |       |       |     1 |     1 ||     2
 Abil: Evoke Berserk Rag |       |       |     1 |       ||     1
Evoke: Wand              |       |       |     4 |       ||     4
  Use: Scroll            |       |       |    16 |     5 ||    21
       Potion            |       |       |     2 |     2 ||     4
 Stab: Sleeping          |       |       |     1 |       ||     1
  Eat: Chunk             |       |     9 |    14 |     4 ||    27
       Ration            |       |       |     1 |     1 ||     2
Armor: Robe              |    35 |    48 |    47 |    17 ||   147
Dodge: Dodged            |    40 |    81 |   114 |    41 ||   276
Block: Kite shield       |    54 |   108 |   192 |    77 ||   431
       Rpst.: Long sword |    18 |     8 |    22 |    11 ||    59

Table legend:
 A = Non-vault XP
 B = Vault XP
 C = Vault XP percentage of total XP
 D = Non-vault monster count
 E = Vault monster count
 F = Vault count percentage of total count
                 A         B        C        D         E       F
            +---------+---------+-------+---------+---------+-------
      Total |    5647 |    2050 |  26.6 |     204 |      30 |  12.8
            +---------+---------+-------+---------+---------+-------
        D:1 |      51 |       0 |   0.0 |      26 |       0 |   0.0
        D:2 |      92 |      20 |  17.9 |      30 |       9 |  23.1
        D:3 |      63 |       0 |   0.0 |      23 |       0 |   0.0
        D:4 |     257 |       0 |   0.0 |      19 |       0 |   0.0
        D:5 |     284 |      13 |   4.4 |       7 |       1 |  12.5
        D:6 |     260 |       0 |   0.0 |      19 |       0 |   0.0
        D:7 |     725 |       0 |   0.0 |      32 |       0 |   0.0
        D:8 |    1518 |    1871 |  55.2 |      36 |      14 |  28.0
        D:9 |     371 |       0 |   0.0 |       2 |       0 |   0.0
     Lair:1 |    1598 |       0 |   0.0 |       8 |       0 |   0.0
     Lair:3 |     428 |       0 |   0.0 |       2 |       0 |   0.0
      Sewer |       0 |     146 | 100.0 |       0 |       6 | 100.0
            +---------+---------+-------+---------+---------+-------
